NYP
ABERDEEN IRONBIRDS @ TRI-CITY VALLEYCATS
08/20/2106
 
TOP OF THE 1ST
Aberdeen Ironbirds batting - Pitching for Tri-City ValleyCats : LHP Miguel Fregoso
Pitching: LHP Miguel Fregoso
Batting: RHB Josh White 0-0: Ball
1-0: Called Strike
1-1: Foul Ball, location: 23F
1-2: Foul Ball, location: 2F
1-2: Strikes out looking
Batting: LHB Kevin King 0-0: Ball
1-0: Ball
2-0: Ground out 6-3 (Groundball, P, EV 83.8 MPH)
Batting: LHB Roberto Sustaita 0-0: Fly out, F4 (Line Drive, 4, EV 67.5 MPH)
Top of the 1st over - 0 runs, 0 hits, 0 errors, 0 left on base; Aberdeen 0 - Tri-City 0
BOTTOM OF THE 1ST
Tri-City ValleyCats batting - Pitching for Aberdeen Ironbirds : LHP Joel Olave
Pitching: LHP Joel Olave
Batting: LHB Jesus Barrios 0-0: Ball
1-0: Called Strike
1-1: Foul Ball, location: 2F
1-2: Strikes out looking
Batting: RHB Anrrique Joanes 0-0: Called Strike
0-1: Fly out, F8 (Flyball, 8RM, EV 86.3 MPH)
Batting: LHB Paul Bown 0-0: Called Strike
0-1: Ball
1-1: Ball
2-1: Ball
3-1: Base on Balls
Batting: RHB Lorenzo Rivas 0-0: Ball
1-0: Ball
2-0: Ball
3-0: Base on Balls
Paul Bown to second
Batting: LHB Manny Aguayo 0-0: Called Strike
0-1: Called Strike
0-2: Ball
1-2: Ball
2-2: Foul Ball, location: 5F
2-2: Ball
3-2: Foul Ball, location: 23FF
3-2: Fly out, F8 (Flyball, 8LS, EV 95.0 MPH)
Bottom of the 1st over - 0 runs, 0 hits, 0 errors, 2 left on base; Aberdeen 0 - Tri-City 0
TOP OF THE 2ND
Aberdeen Ironbirds batting - Pitching for Tri-City ValleyCats : LHP Miguel Fregoso
Batting: RHB Francisco Castro 0-0: Ball
1-0: Ground out 6-3 (Groundball, 6, EV 86.3 MPH)
Batting: RHB Eddie Nisbet 0-0: Swinging Strike
0-1: Ball
1-1: Called Strike
1-2: TRIPLE (Line Drive, 78XD, EV 104.4 MPH)
Batting: RHB Justin Starr 0-0: Ball
1-0: Ball
2-0: Foul Ball, location: 23F
2-1: Fly out, F6 (Line Drive, 6M, EV 68.1 MPH)
Batting: RHB Mike Ehrlich 0-0: Ball
1-0: Swinging Strike
1-1: Ball
2-1: Fly out, F3 (Line Drive, 3, EV 68.1 MPH)
Top of the 2nd over - 0 runs, 1 hit, 0 errors, 1 left on base; Aberdeen 0 - Tri-City 0
BOTTOM OF THE 2ND
Tri-City ValleyCats batting - Pitching for Aberdeen Ironbirds : LHP Joel Olave
Batting: RHB Josh Griswold 0-0: Called Strike
0-1: Swinging Strike
0-2: SINGLE (Groundball, 56D, EV 103.8 MPH)
Batting: LHB Mario Alvarado 0-0: Swinging Strike
0-1: Foul Ball, location: 5SF
0-2: Ball
1-2: Strikes out looking
Batting: RHB Casimir Lewczak 0-0: Foul Ball, location: 2F
0-1: Ball
1-1: Ball
2-1: Ball
3-1: SINGLE (Groundball, 6MD, EV 106.9 MPH)
Josh Griswold to second
Batting: RHB Eduardo Vargas 0-0: Foul Ball, location: 2F
0-1: Foul Ball, location: 2F
0-2: SINGLE (Line Drive, 89M, EV 107.5 MPH)
Josh Griswold to third
Casimir Lewczak to second
Batting: LHB Jesus Barrios 0-0: Ball
1-0: Called Strike
1-1: Ball
2-1: SINGLE (Groundball, 4MD, EV 94.4 MPH)
Josh Griswold scores
Casimir Lewczak to third
Eduardo Vargas to second
Runner from 3rd tries for Home, SAFE, throw by CF to home
Batting: RHB Anrrique Joanes 0-0: Ball
1-0: Called Strike
1-1: Called Strike
1-2: Fly out, F8 (Flyball, 89M, EV 91.9 MPH)
Batting: LHB Paul Bown 0-0: Called Strike
0-1: SINGLE (Groundball, 13S, EV 69.4 MPH) (infield hit)
Eduardo Vargas to third
Jesus Barrios to second
Batting: RHB Lorenzo Rivas 0-0: Ball
1-0: Foul Ball, location: 2F
1-1: Swinging Strike
1-2: Ball
2-2: Ball
3-2: Base on Balls
Eduardo Vargas scores
Jesus Barrios to third
Paul Bown to second
Batting: LHB Manny Aguayo 0-0: Foul Ball, location: 7LSF
0-1: Ball
1-1: Ball
2-1: Swinging Strike
2-2: Ball
3-2: Strikes out swinging
Bottom of the 2nd over - 3 runs, 5 hits, 0 errors, 3 left on base; Aberdeen 0 - Tri-City 3
TOP OF THE 3RD
Aberdeen Ironbirds batting - Pitching for Tri-City ValleyCats : LHP Miguel Fregoso
Batting: RHB Robby Salgado 0-0: Ball
1-0: Foul Ball, location: 7LSF
1-1: SINGLE (Groundball, 4MD, EV 102.5 MPH)
Batting: LHB Rick Whyte 0-0: Swinging Strike
0-1: Called Strike
0-2: Ball
1-2: SINGLE (Groundball, 34D, EV 98.8 MPH)
Robby Salgado to second
Batting: RHB Josh White 0-0: Ball
1-0: Ball
2-0: SINGLE (Groundball, 6MD, EV 93.8 MPH)
Robby Salgado to third
Rick Whyte to second
Batting: LHB Kevin King 0-0: Foul Ball, location: 3F
0-1: Foul Ball, location: 7LMF
0-2: Ball
1-2: Fly out, F9 (Flyball, 89M, EV 94.4 MPH)
Batting: LHB Roberto Sustaita 0-0: Fielders Choice at 2nd, U4 (Groundball, 4M, EV 88.8 MPH)
Robby Salgado scores
Rick Whyte to third
Batting: RHB Francisco Castro 0-0: Called Strike
0-1: Ball
1-1: Fly out, F9 (Line Drive, 9S, EV 83.8 MPH)
Top of the 3rd over - 1 run, 3 hits, 0 errors, 2 left on base; Aberdeen 1 - Tri-City 3
BOTTOM OF THE 3RD
Tri-City ValleyCats batting - Pitching for Aberdeen Ironbirds : LHP Joel Olave
Batting: RHB Josh Griswold 0-0: Ball
1-0: Ball
2-0: Ball
3-0: Called Strike
3-1: Swinging Strike
3-2: Strikes out swinging
Batting: LHB Mario Alvarado 0-0: Foul Ball, location: 2RF
0-1: Ball
1-1: Ball
2-1: Swinging Strike
2-2: Strikes out swinging
Batting: RHB Casimir Lewczak 0-0: Called Strike
0-1: Foul Ball, location: 2F
0-2: SINGLE (Groundball, 56D, EV 106.9 MPH)
Batting: RHB Eduardo Vargas 0-0: Ball
1-0: Foul Ball, location: 2F
1-1: Ball
2-1: Swinging Strike
2-2: Foul Ball, location: 2F
2-2: Ball
3-2: Strikes out swinging
Bottom of the 3rd over - 0 runs, 1 hit, 0 errors, 1 left on base; Aberdeen 1 - Tri-City 3
TOP OF THE 4TH
Aberdeen Ironbirds batting - Pitching for Tri-City ValleyCats : LHP Miguel Fregoso
Batting: RHB Eddie Nisbet 0-0: Fly out, F8 (Flyball, 8RXD, EV 110.0 MPH)
Batting: RHB Justin Starr 0-0: Ball
1-0: Ground out 5-3 (Groundball, 56, EV 81.9 MPH)
Batting: RHB Mike Ehrlich 0-0: Swinging Strike
0-1: Swinging Strike
0-2: Ball
1-2: Ground out 5-3 (Groundball, 56S, EV 81.3 MPH)
Top of the 4th over - 0 runs, 0 hits, 0 errors, 0 left on base; Aberdeen 1 - Tri-City 3
BOTTOM OF THE 4TH
Tri-City ValleyCats batting - Pitching for Aberdeen Ironbirds : LHP Joel Olave
Batting: LHB Jesus Barrios 0-0: Foul Ball, location: 3SF
0-1: Called Strike
0-2: Ball
1-2: Ball
2-2: Ground out 6-3 (Groundball, 4M, EV 102.5 MPH)
Pitching: RHP Takahisa Uchida
Batting: RHB Anrrique Joanes 0-0: Ball
1-0: Called Strike
1-1: Ball
2-1: Ball
3-1: Foul Ball, location: 3F
3-2: Strikes out swinging
Batting: LHB Paul Bown 0-0: Fly out, F5 (Line Drive, 5, EV 63.1 MPH)
Bottom of the 4th over - 0 runs, 0 hits, 0 errors, 0 left on base; Aberdeen 1 - Tri-City 3
TOP OF THE 5TH
Aberdeen Ironbirds batting - Pitching for Tri-City ValleyCats : LHP Miguel Fregoso
Batting: RHB Robby Salgado 0-0: Ground out 1-3 (Groundball, 13S, EV 75.6 MPH)
Batting: LHB Rick Whyte 0-0: Ball
1-0: Ground out 4-3 (Groundball, 4, EV 77.5 MPH)
Batting: RHB Josh White 0-0: DOUBLE (Flyball, 9LD, EV 100.6 MPH)
Batting: LHB Kevin King 0-0: Fly out, F9 (Flyball, 89S, EV 80.6 MPH)
Top of the 5th over - 0 runs, 1 hit, 0 errors, 1 left on base; Aberdeen 1 - Tri-City 3
BOTTOM OF THE 5TH
Tri-City ValleyCats batting - Pitching for Aberdeen Ironbirds : RHP Takahisa Uchida
Batting: RHB Lorenzo Rivas 0-0: SINGLE (Line Drive, 89M, EV 93.8 MPH)
Batting: LHB Manny Aguayo 0-0: Foul Ball, location: 2F
0-1: Ball
1-1: Fly out, F8 (Line Drive, 8LM, EV 104.4 MPH)
Batting: RHB Josh Griswold 0-0: Called Strike
0-1: Ball
1-1: Ball
2-1: DOUBLE (Flyball, 8LXD, EV 109.4 MPH)
Lorenzo Rivas to third
Batting: LHB Mario Alvarado 0-0: Ball
1-0: Ball
2-0: Swinging Strike
2-1: Ball
3-1: Foul Ball, location: 2F
3-2: Foul Ball, location: 2F
3-2: Strikes out looking
Pitching: RHP Gianfrancesco Sertori
Batting: RHB Casimir Lewczak 0-0: SINGLE (Line Drive, 4MD, EV 100.0 MPH)
Lorenzo Rivas scores
Josh Griswold to third
Runner from 3rd tries for Home, SAFE, throw by CF to home
Batting: RHB Eduardo Vargas 0-0: Ball
1-0: Ball
2-0: DOUBLE (Line Drive, 78XD, EV 101.9 MPH)
Casimir Lewczak to third
Runner from 3rd tries for Home, SAFE, throw by CF to trailing runner, SAFE at third!
Batting: LHB Jesus Barrios 0-0: Ball
1-0: SINGLE (Groundball, 6MD, EV 105.0 MPH)
Eduardo Vargas scores
Batting: RHB Anrrique Joanes 0-0: Called Strike
0-1: Swinging Strike
0-2: Ball
Wild Pitch!
Jesus Barrios to second
1-2: Ball
2-2: Strikes out looking
Bottom of the 5th over - 4 runs, 5 hits, 0 errors, 1 left on base; Aberdeen 1 - Tri-City 7
TOP OF THE 6TH
Aberdeen Ironbirds batting - Pitching for Tri-City ValleyCats : LHP Miguel Fregoso
Batting: LHB Roberto Sustaita 0-0: Ball
1-0: Ball
2-0: Foul Ball, location: 3F
2-1: Called Strike
2-2: Foul Ball, location: 2F
2-2: Ground out U3 (Groundball, 3, EV 103.1 MPH)
Batting: RHB Francisco Castro 0-0: Called Strike
0-1: Ball
1-1: Called Strike
1-2: Fly out, F9 (Flyball, 9D, EV 103.1 MPH)
Batting: RHB Eddie Nisbet 0-0: Swinging Strike
0-1: Ball
1-1: Ball
2-1: SINGLE (Line Drive, 34D, EV 108.8 MPH)
Batting: RHB Justin Starr 0-0: Called Strike
0-1: Called Strike
0-2: Strikes out looking
Top of the 6th over - 0 runs, 1 hit, 0 errors, 1 left on base; Aberdeen 1 - Tri-City 7
BOTTOM OF THE 6TH
Tri-City ValleyCats batting - Pitching for Aberdeen Ironbirds : RHP Gianfrancesco Sertori
Batting: LHB Paul Bown 0-0: Ball
1-0: Swinging Strike
1-1: Ground out 4-3 (Groundball, 4, EV 81.3 MPH)
Batting: RHB Lorenzo Rivas 0-0: Called Strike
0-1: Ball
1-1: SINGLE (Line Drive, 4D, EV 100.0 MPH)
Batting: LHB Manny Aguayo 0-0: Fly out, F7 (Flyball, 7, EV 98.1 MPH)
Batting: RHB Josh Griswold 0-0: Called Strike
0-1: Foul Ball, location: 5SF
0-2: Ball
1-2: Strikes out swinging
Bottom of the 6th over - 0 runs, 1 hit, 0 errors, 1 left on base; Aberdeen 1 - Tri-City 7
TOP OF THE 7TH
Aberdeen Ironbirds batting - Pitching for Tri-City ValleyCats : LHP Miguel Fregoso
Batting: RHB Mike Ehrlich 0-0: Called Strike
0-1: Ground out 5-3 (Groundball, 5L, EV 109.4 MPH)
Batting: RHB Robby Salgado 0-0: Called Strike
0-1: Foul Ball, location: 2F
0-2: Ball
1-2: Hit by Pitch
Batting: LHB Rick Whyte 0-0: Called Strike
0-1: Swinging Strike
0-2: Ball
Wild Pitch!
Robby Salgado to second
1-2: Ball
2-2: Strikes out swinging
Pitching: RHP Warren Heatley
Batting: RHB Josh White 0-0: Called Strike
0-1: Ball
1-1: Called Strike
1-2: Strikes out looking
Top of the 7th over - 0 runs, 0 hits, 0 errors, 1 left on base; Aberdeen 1 - Tri-City 7
BOTTOM OF THE 7TH
Tri-City ValleyCats batting - Pitching for Aberdeen Ironbirds : RHP Gianfrancesco Sertori
Batting: LHB Mario Alvarado 0-0: Ball
1-0: Fly out, F9 (Line Drive, 9D, EV 104.4 MPH)
Batting: RHB Casimir Lewczak 0-0: Ball
1-0: Called Strike
1-1: Ball
2-1: Fly out, F8 (Line Drive, 8LM, EV 90.6 MPH)
Batting: RHB Eduardo Vargas 0-0: Ball
1-0: Ball
2-0: Called Strike
2-1: Called Strike
2-2: Ground out 5-3 (Groundball, 5, EV 83.1 MPH)
Bottom of the 7th over - 0 runs, 0 hits, 0 errors, 0 left on base; Aberdeen 1 - Tri-City 7
TOP OF THE 8TH
Aberdeen Ironbirds batting - Pitching for Tri-City ValleyCats : RHP Warren Heatley
Batting: LHB Kevin King 0-0: Swinging Strike
0-1: Ball
1-1: Foul Ball, location: 25F
1-2: Foul Ball, location: 9LMF
1-2: Ball
2-2: Ball
3-2: Foul Ball, location: 9LSFF
3-2: Strikes out swinging
Batting: LHB Roberto Sustaita 0-0: Ball
1-0: Ball
2-0: Ball
3-0: Base on Balls
Batting: RHB Francisco Castro 0-0: Swinging Strike
0-1: Ball
1-1: Swinging Strike
1-2: Foul Ball, location: 2F
1-2: Ball
2-2: Strikes out swinging
Batting: RHB Eddie Nisbet 0-0: Ball
1-0: Ball
2-0: Foul Ball, location: 9LSF
2-1: Ball
Wild Pitch!
Roberto Sustaita to second
3-1: Base on Balls
Batting: RHB Justin Starr 0-0: Called Strike
0-1: Foul Ball, location: 25FF
0-2: Ground out 3-1 (Groundball, 34S, EV 86.3 MPH)
Top of the 8th over - 0 runs, 0 hits, 0 errors, 2 left on base; Aberdeen 1 - Tri-City 7
BOTTOM OF THE 8TH
Tri-City ValleyCats batting - Pitching for Aberdeen Ironbirds : RHP Gianfrancesco Sertori
Batting: LHB Jesus Barrios 0-0: Swinging Strike
0-1: Swinging Strike
0-2: Foul Ball, location: 5F
0-2: Foul Ball, location: 5SF
0-2: Ball
1-2: Ball
2-2: Strikes out looking
Batting: RHB Anrrique Joanes 0-0: Ball
1-0: Ground out U3 (Groundball, 3L, EV 86.9 MPH)
Batting: LHB Paul Bown 0-0: Ball
1-0: Ball
2-0: Ball
3-0: Base on Balls
Batting: RHB Lorenzo Rivas 0-0: Ball
1-0: Swinging Strike
1-1: Foul Ball, location: 3SF
1-2: Foul Ball, location: 9LMF
1-2: Ball
2-2: DOUBLE (Flyball, 8RXD, EV 111.3 MPH)
Paul Bown to third
Runner from 3rd tries for Home, SAFE, no throw by CF
Pinch Hitting: RHB Ray Duzan 0-0: Called Strike
0-1: Ball
1-1: Ball
2-1: TRIPLE (Flyball, 89XD, EV 99.4 MPH)
Lorenzo Rivas scores
Batting: RHB Josh Griswold 0-0: Called Strike
0-1: SINGLE (Flyball, 3D, EV 95.6 MPH)
Ray Duzan scores
Batting: LHB Mario Alvarado 0-0: Ground out U3 (Groundball, 3, EV 93.8 MPH)
Bottom of the 8th over - 3 runs, 3 hits, 0 errors, 1 left on base; Aberdeen 1 - Tri-City 10
TOP OF THE 9TH
Aberdeen Ironbirds batting - Pitching for Tri-City ValleyCats : RHP Warren Heatley
Now in RF: Ray Duzan
Batting: RHB Mike Ehrlich 0-0: Ball
1-0: Called Strike
1-1: Swinging Strike
1-2: Foul Ball, location: 9LMF
1-2: Foul Ball, location: 5F
1-2: Strikes out swinging
Batting: RHB Robby Salgado 0-0: Called Strike
0-1: Ball
1-1: Foul Ball, location: 25F
1-2: Strikes out looking
Batting: LHB Rick Whyte 0-0: Fly out, F7 (Flyball, 78M, EV 91.3 MPH)
Top of the 9th over - 0 runs, 0 hits, 0 errors, 0 left on base; Aberdeen 1 - Tri-City 10
Wednesday, January 15th , 2025 - OOTP Baseball 25.11 Build 101